Map: Deathaura LE

Players

PtitDrogo - Winner!

  • Race: Protoss Protoss
  • League: Grandmaster
  • Spawn Location: 11:00

Geralt (Gerald)

  • Race: Protoss Protoss
  • League: Grandmaster
  • Spawn Location: 5:00

Event: DreamHack SC2 Masters 2020 Summer Europe

VOD

Have the link to the VOD?

Description

Time

  • Played on: June 30, 2020, 12:58 p.m.
  • Length: 10:15

All games in this series

Show
View Real Time Build Order
Export as new Build Order

PtitDrogo Protoss - Winner!

Build Orders:  

Get SALT Encoding   

  12  0:00  Probe  
  13  0:12  Probe  
  14  0:17  Pylon  
  14  0:23  Probe  
  15  0:31  Probe  
  16  0:37  Gateway  
  16  0:39  Probe  
  16  0:45  Assimilator  
  17  0:51  Probe  
  17  0:53  Assimilator  
  18  0:59  Probe  
  19  1:07  Probe  
  19  1:08  Gateway  
  19  1:17  Probe  
  20  1:24  Cybernetics Core  
  21  1:29  Probe  
  22  1:39  Pylon  
  22  1:41  Probe  
  23  1:51  Warp Gate  
  23  1:58  Gateway  
  23  2:01  Stalker x2  
  27  2:10  Pylon  
  27  2:15  Probe  
  28  2:31  Stalker x2  
  32  2:46  Shield Battery  
  32  2:47  Stalker  
  33  3:01  Stalker x2  
  37  3:09  Pylon  
  37  3:43  Pylon  
  37  3:45  Probe  
  38  3:54  Nexus  
  38  3:59  Probe  
  38  4:02  Sentry x2  
  43  4:12  Probe  
  43  4:13  Sentry  
  46  4:24  Pylon  
  46  4:26  Twilight Council  
  46  4:29  Probe  
  47  4:37  Probe  
  46  4:45  Probe  
  46  4:47  Adept  
  46  4:48  Adept  
  51  4:55  Probe  
  52  5:00  Blink  
  52  5:07  Probe x2  
  54  5:14  Stalker x2  
  58  5:22  Probe  
  58  5:25  Probe  
  58  5:26  Shield Battery  
  60  5:36  Probe, Pylon  
  58  5:51  Stalker x3  
  43  6:14  Stalker x3  
  43  6:20  Probe  
  43  6:23  Probe  
  39  6:32  Probe  
  40  6:35  Probe  
  40  6:37  Stalker x2  
  43  6:44  Probe  
  44  6:52  Stalker  
  44  6:53  Probe  
  43  7:01  Stalker x2  
  43  7:05  Probe  
  49  7:08  Probe  
  49  7:18  Probe  
  49  7:21  Stalker  
  49  7:22  Probe  
  47  7:24  Charge  
  47  7:27  Stalker  
  47  7:28  Stalker  
  51  7:30  Probe  
  51  7:35  Probe  
  53  7:42  Probe  
  54  7:50  Stalker  
  54  7:51  Stalker  
  58  7:53  Probe  
  58  7:54  Assimilator, Probe  
  58  7:57  Stalker  
  62  8:05  Probe  
  63  8:16  Stalker x2  
  62  8:23  Stalker  
  62  8:24  Probe  
  62  8:29  Probe  
  62  8:36  Probe  
  62  8:41  Probe  
  64  8:43  Nexus  
  65  8:48  Stalker, Probe  
  63  8:57  Stalker, Probe  
  63  9:00  Stalker  
  68  9:03  Probe  
  67  9:15  Stalker  
  67  9:16  Probe  
  66  9:24  Stalker x2  
  66  9:29  Probe x2  
  70  9:35  Gateway  
  70  9:39  Gateway  
  70  9:42  Stalker  
  72  9:52  Stalker x2  
Show
View Real Time Build Order
Export as new Build Order

Geralt Protoss 

Build Orders: Oracle Opening 

Get SALT Encoding   

  12  0:00  Probe  
  13  0:12  Probe  
  14  0:18  Pylon  
  14  0:22  Probe  
  15  0:32  Probe  
  15  0:36  Gateway  
  15  0:40  Probe  
  16  0:46  Assimilator  
  17  0:52  Probe  
  17  0:55  Assimilator  
  18  1:00  Probe  
  18  1:06  Gateway  
  18  1:08  Probe  
  20  1:19  Probe  
  20  1:23  Cybernetics Core  
  21  1:31  Probe  
  22  1:35  Pylon  
  22  1:43  Probe  
  23  1:55  Probe  
  23  1:59  Stargate  
  24  2:07  Probe  
  25  2:12  Stalker x2  
  29  2:20  Pylon  
  30  2:23  Warp Gate  
  30  2:26  Probe  
  30  2:37  Oracle  
  30  2:38  Probe  
  33  2:52  Probe  
  33  2:56  Pylon  
  34  3:07  Robotics Facility  
  34  3:10  Shield Battery  
  34  3:38  Gateway  
  34  3:42  Oracle  
  34  3:45  Pylon  
  36  3:48  Immortal  
  36  3:50  Pylon  
  40  4:00  Shield Battery  
  40  4:13  Stalker x2, Pylon  
  44  4:23  Warp Prism  
  46  4:42  Nexus  
  46  4:47  Sentry x2  
  46  4:49  Probe  
  51  5:01  Probe  
  52  5:11  Pylon  
  52  5:17  Probe  
  52  5:21  Forge  
  53  5:28  Probe  
  53  5:34  Stalker x3  
  60  5:36  Probe  
  60  5:44  Probe  
  54  5:56  Probe  
  45  6:09  Stalker x2  
  42  6:17  Probe  
  38  6:18  Probe  
  32  6:25  Probe  
  32  6:30  Probe  
  34  6:35  Probe  
  35  6:42  Stalker  
  35  6:43  Probe  
  38  6:53  Stalker  
  36  7:06  Probe  
  36  7:07  Stalker x2  
  41  7:20  Probe  
  39  7:24  Probe  
  39  7:29  Probe  
  41  7:31  Adept x2  
  41  7:32  Sentry  
  41  7:33  Probe  
  49  7:39  Probe  
  49  7:41  Probe  
  48  7:47  Immortal  
  47  7:51  Probe  
  52  8:03  Zealot  
  52  8:04  Zealot  
  56  8:12  Probe  
  53  8:20  Stalker  
  53  8:25  Warp Prism  
  50  8:32  Probe  
  49  8:42  Probe  
  49  8:45  Adept x2, Stalker  
  56  8:49  Probe  
  51  8:57  Probe  
  51  9:01  Probe  
  51  9:09  Stalker x2, Probe  
  50  9:21  Immortal  
  50  9:24  Probe  
  51  9:28  Probe  
  52  9:31  Stalker  
  52  9:35  Assimilator  
  52  9:36  Probe  
  55  9:41  Gateway  
  55  9:45  Gateway, Probe  
  54  9:56  Stalker x2  
  48  10:06  Stalker  
Tags
 
Add a new tag
Caveats
  • Supply blocks, unpowered buildings, or Contaminate may cause inaccurate times.
  • Supply counts are checked every 10 seconds.